 Dungeon Sprint DCSS version 0.19-a0-996-g3cba913 (webtiles) character file.

891 Musica the Grappler (level 7, -3/87 HPs)
             Began as a Troll Monk on July 18, 2016.
             Was a Believer of Nemelex Xobeh.
             Slain by a sun demon (17 damage)
             ... summoned by a kobold demonologist
             ... in the Dungeon (Sprint I: "Red Sonja").
             The game lasted 00:02:10 (371 turns).

Musica the Grappler (Troll Monk)                     Turns: 371, Time: 00:02:11

Health: -3/87      AC: -14   Str: 20    XL:     7   Next: 77%
Magic:  7/8        EV: 10    Int:  6    God:    Nemelex Xobeh [**....]
Gold:   405        SH:  0    Dex: 14    Spells: 0 memorised, 6 levels left

rFire  . . .     SeeInvis .       - Unarmed
rCold  . . .     Gourm    +     a - +1 robe
rNeg   . . .     Faith    .     (no shield)
rPois  .         Spirit   .     (helmet restricted)
rElec  .         Dismiss  .     (no cloak)
rCorr  .         Reflect  .     (gloves unavailable)
SustAt .         Harm     .     (boots unavailable)
MR     .....     NoTele   +     (no amulet)
Stlth  ++........               (no ring)
                                (no ring)

@: corroded, not resistant to hostile enchantments, unstealthy
A: unfitting armour, claws 3, fast metabolism 3, gourmand, regeneration 2,
shaggy fur 1, tough skin 2
a: Renounce Religion


You were in the Dungeon.
You worshipped Nemelex Xobeh.
Nemelex Xobeh was pleased with you.
You were not hungry.

You visited 1 branch You collected 405 gold pieces.

Inventory:

Hand Weapons
 i - a +0 giant club
Armour
 a - a +1 robe (worn)
Scrolls
 h - a scroll of blinking
Potions
 c - a potion of curing
 d - 2 potions of heal wounds
 e - a potion of haste
 f - 2 potions of magic
 g - a potion of berserk rage
Miscellaneous
 j - a plain deck of escape
 k - a plain deck of escape
Comestibles
 b - 2 bread rations


   Skills:
 + Level 10.4 Fighting
 - Level 2.4 Dodging
 - Level 1.1 Stealth
 + Level 11.9 Unarmed Combat
 * Level 2.7 Invocations


You had 6 spell levels left.
You didn't know any spells.

Dungeon Overview and Level Annotations

Branches:
Dungeon (1/1)

Altars:
Cheibriados
Dithmenos
Elyvilon
Fedhas
Gozag
Hepliaklqana
Kikubaaqudgha
Makhleb
Nemelex Xobeh
Okawaru
Pakellas
Qazlal
Ru
Sif Muna
Trog
Uskayaw
Vehumet
Xom
Yredelemnul
Zin
The Shining One
Jiyva

Shops:
D =


Innate Abilities, Weirdness & Mutations

You are too large for most types of armour.
You have claws for hands.
Your metabolism is lightning-fast.
You like to eat raw meat.
You heal very quickly.
You are covered in fur. (AC +1)
You have very tough skin. (AC +2)


Message History

The kobold demonologist is heavily wounded.
The giant eyeball's view fixates on you.
The shadow imp lashes its tail.
Unknown command.
You miss the kobold demonologist.
The kobold demonologist is heavily wounded.
The iron imp disappears in a puff of smoke!
The white imp disappears in a puff of smoke!
The sun demon hits you!
You are engulfed in flames!!
The rust devil hits you!
* * * LOW HITPOINT WARNING * * *
The rust devil corrodes you!
The kobold demonologist hits you with a dagger of speed.
* * * LOW HITPOINT WARNING * * *
You barely miss the kobold demonologist.
The kobold demonologist is heavily wounded.
The sun demon hits you!
* * * LOW HITPOINT WARNING * * *
You are engulfed in flames!
You die...
Your body glows slightly and disappears.

####################
'..#.)'..#__#..3@G5#
#..'..#..'..'..#4K.#
##'#####'#__####55.+
#..#...#[#### #####
####..##[#
___##'#..+
∩...'..._#
_._##_.#'#
___###+#.#


You could see a sun demon, a rust devil, a kobold demonologist, a giant eyeball,
a white imp, a shadow imp and an ufetubus.

Vanquished Creatures
  A kobold demonologist (D)
  A slime creature (D)
  Sigmund (D)
  A yak (D)
  An ogre (D)
  A jelly (D)
  Ijyb (D)
7 creatures vanquished.

Notes
Turn   | Place    | Note
-------+----------+-------------------------------------------
     0 | D        | Musica the Troll Monk began the quest for the Orb.
     0 | D        | Reached XP level 1. HP: 22/22 MP: 0/0
     2 | D        | Noticed Ijyb
     8 | D        | Killed Ijyb
     8 | D        | Reached skill level 5 in Unarmed Combat
     8 | D        | Reached XP level 2. HP: 32/32 MP: 1/1
    23 | D        | Noticed an ogre
    29 | D        | Killed an ogre
    29 | D        | Reached skill level 5 in Fighting
    29 | D        | Reached skill level 7 in Unarmed Combat
    29 | D        | Reached XP level 3. HP: 25/44 MP: 2/2
    29 | D        | Reached XP level 4. HP: 29/52 MP: 3/3
   180 | D        | Noticed Sigmund
   189 | D        | Killed Sigmund
   189 | D        | Reached skill level 9 in Unarmed Combat
   189 | D        | Reached XP level 5. HP: 36/63 MP: 4/4
   189 | D        | Reached XP level 6. HP: 42/72 MP: 5/5
   204 | D        | Found a deep blue altar of Sif Muna.
   206 | D        | Found a radiant altar of Vehumet.
   242 | D        | Found Iteome's Jewellery Emporium.
   242 | D        | Found a white marble altar of Elyvilon.
   242 | D        | Found a stormy altar of Qazlal.
   242 | D        | Found a burning altar of Makhleb.
   242 | D        | Found a sacrificial altar of Ru.
   242 | D        | Found a hazy altar of Hepliaklqana.
   242 | D        | Found an oddly glowing altar of Pakellas.
   242 | D        | Found a hide-covered altar of Uskayaw.
   242 | D        | Found a basalt altar of Yredelemnul.
   242 | D        | Found a glowing golden altar of the Shining One.
   242 | D        | Found a sparkling altar of Nemelex Xobeh.
   242 | D        | Found a shimmering altar of Xom.
   242 | D        | Found an opulent altar of Gozag.
   242 | D        | Found an ancient bone altar of Kikubaaqudgha.
   242 | D        | Found a glowing silver altar of Zin.
   242 | D        | Noticed a yak
   249 | D        | Killed a yak
   249 | D        | Reached skill level 10 in Unarmed Combat
   250 | D        | Found an iron altar of Okawaru.
   251 | D        | Found a bloodstained altar of Trog.
   257 | D        | Became a worshipper of Nemelex Xobeh the Trickster
   257 | D        | Received a gift from Nemelex Xobeh
   257 | D        | Reached * piety under Nemelex Xobeh
   257 | D        | Received a gift from Nemelex Xobeh
   257 | D        | Reached ** piety under Nemelex Xobeh
   307 | D        | Found a snail-covered altar of Cheibriados.
   307 | D        | Found a viscous altar of Jiyva.
   307 | D        | Found a shadowy altar of Dithmenos.
   307 | D        | Found a blossoming altar of Fedhas.
   307 | D        | Noticed a slime creature
   313 | D        | Killed a slime creature
   313 | D        | Reached skill level 11 in Unarmed Combat
   313 | D        | Reached XP level 7. HP: 57/84 MP: 6/6
   354 | D        | Noticed a kobold demonologist
   355 | D        | Noticed a kobold demonologist
   356 | D        | Noticed a rust devil
   359 | D        | Killed a kobold demonologist
   359 | D        | Reached skill level 10 in Fighting
   363 | D        | Paralysed by a giant eyeball for 4 turns
   369 | D        | Noticed a sun demon
   371 | D        | Slain by a sun demon

Vault maps used:
D:        dungeon_sprint_1

Skill      XL: |  1  2  3  4  5  6  7 |
---------------+----------------------+-----
Fighting       | 4 5 7 9 10 | 10.4
Unarmed Combat | 5 7 9 11 | 11.9
Invocations    | 2 |  2.7
Dodging        | |  2.4
Stealth        | |  1.1

Action                   |  1- 3 |  4- 6 |  7- 9 || total
-------------------------+-------+-------+-------++-------
Melee: Unarmed           |    10 |    21 |    11 ||    42
       Punch             |       |       |     2 ||     2
  Use: Scroll            |       |     1 |       ||     1
 Stab: Sleeping          |       |     1 |       ||     1
  Eat: Chunk             |     3 |     1 |       ||     4
Armor: Robe              |     1 |     2 |     4 ||     7
Dodge: Dodged            |     3 |     4 |     3 ||    10
